 Dungeon Crawl Stone Soup version 0.19-a0-892-g8a19e52 (webtiles) character file.

174 matakusis the Ducker (level 5, 0/41 HPs)
             Began as a Demonspawn Gladiator on July 4, 2016.
             Slain by a hobgoblin
             ... wielding a +0 club
              (1 damage)
             ... on level 3 of the Dungeon.
             The game lasted 00:07:16 (2800 turns).

matakusis the Ducker (Demonspawn Gladiator)         Turns: 2800, Time: 00:07:17

Health: 0/41       AC:  4    Str: 20    XL:     5   Next: 28%
Magic:  5/5        EV: 14    Int:  9    God:
Gold:   70         SH:  0    Dex: 15    Spells: 0 memorised, 4 levels left

rFire  . . .     SeeInvis .     a - +1 long sword
rCold  . . .     Gourm    .     b - +0 leather armour
rNeg   . . .     Faith    .     (no shield)
rPois  .         Spirit   .     c - +0 helmet
rElec  .         Dismiss  .     (no cloak)
rCorr  .         Reflect  .     (no gloves)
SustAt .         Harm     .     (no boots)
MR     .....     Rnd*Tele +     (no amulet)
Stlth  +.........               (no ring)
                                h - ring of teleportation (curse)

@: mighty, not resistant to hostile enchantments, very unstealthy
A: spiny 1
a: no special abilities


You were on level 3 of the Dungeon.
You were very hungry.

You visited 1 branch of the dungeon, and saw 3 of its levels.

You collected 70 gold pieces.

Inventory:

Hand Weapons
 a - a +1 long sword (weapon)
Missiles
 d - 3 throwing nets (quivered)
Armour
 b - a +0 leather armour (worn)
 c - a +0 helmet (worn)
Jewellery
 e - an uncursed amulet of faith
 h - a cursed ring of teleportation (left hand)
Comestibles
 f - 3 bread rations
 k - 7 fruits
 o - a royal jelly


   Skills:
 * Level 3.5 Fighting
 + Level 3.5 Long Blades
 - Level 1.7 Throwing
 * Level 4.1 Dodging


You had 4 spell levels left.
You didn't know any spells.

Dungeon Overview and Level Annotations

Branches:
Dungeon (3/15)

Altars:
Kikubaaqudgha
Okawaru
Ru
Uskayaw

Annotations:
D:3 Aquadorian's ghost, amateur OpWr


Innate Abilities, Weirdness & Mutations

You are partially covered in sharp spines.


Message History

The goblin shouts!
The hobgoblin shouts!
The goblin shoots a stone.
The stone hits you but does no damage.
The hobgoblin shoots a sling bullet.
The sling bullet closely misses you.
The big kobold is struck by your spines.
The big kobold closely misses you.
There is an open door here.
You see here a stone.
The goblin shoots a stone.
The stone barely misses you. The gnoll barely misses you.
You see here a stone.
The gnoll hits you with a club.
* * * LOW HITPOINT WARNING * * *
The gnoll misses you. The hobgoblin is struck by your spines.
The hobgoblin hits you but does no damage.
Unknown command.
You open the large door. The gnoll is struck by your spines.
The gnoll hits you with a club.
* * * LOW HITPOINT WARNING * * *
The hobgoblin is struck by your spines. The hobgoblin hits you with a club.
You die...

##..(.#....####.####.##.#.###
...S..(.)....................
...(...(()...................
≈≈≈≈≈≈≈.≈).....≈≈.≈≈....≈≈.≈.
≈≈≈≈≈≈≈≈)≈....≈≈≈≈≈≈≈≈≈≈≈≈≈≈≈
≈≈≈≈≈≈≈≈≈......≈≈≈≈≈≈≈≈≈≈≈≈≈≈
≈≈≈≈≈≈≈≈≈......≈≈≈≈≈≈≈≈≈≈≈≈≈≈
###############''################
.....# #..@.# )....+ #.ggr#
)).(.#########KKgg##
##..(.....(.#g..g..#
#)))(...)..K......+
##(......).g#......#
.....#########....## .g...+
#....# .....# #....#


You could see 3 big kobolds, 4 gnolls, a quokka, 2 hobgoblins and a goblin.

Vanquished Creatures
  Natasha (D:2)
  An orc wizard (D:3)
  2 adders
  A gnoll (D:3)
  2 giant geckos (D:2)
  5 orcs (D:3)
  10 bats
  4 giant cockroaches
  20 goblins
  11 hobgoblins
  10 kobolds
  A quokka (D:1)
  7 giant newts
  4 rats
79 creatures vanquished.

Notes
Turn   | Place    | Note
-------+----------+-------------------------------------------
     0 | D:1      | matakusis the Demonspawn Gladiator began the quest for the Orb.
     0 | D:1      | Reached XP level 1. HP: 16/16 MP: 1/1
   145 | D:1      | Gained mutation: You are partially covered in sharp spines. [demonic ancestry]
   145 | D:1      | Reached XP level 2. HP: 21/22 MP: 2/2
   167 | D:1      | Reached skill level 3 in Dodging
   561 | D:1      | Reached XP level 3. HP: 27/28 MP: 3/3
  1050 | D:2      | Noticed Natasha
  1058 | D:2      | Killed Natasha
  1058 | D:2      | Reached XP level 4. HP: 15/34 MP: 4/4
  1285 | D:2      | Found a hide-covered altar of Uskayaw.
  2088 | D:3      | Noticed Aquadorian's ghost (amateur OpWr)
  2448 | D:3      | Found a sacrificial altar of Ru.
  2455 | D:3      | Reached skill level 4 in Dodging
  2514 | D:3      | Found an iron altar of Okawaru.
  2514 | D:3      | Found an ancient bone altar of Kikubaaqudgha.
  2643 | D:3      | Reached XP level 5. HP: 10/41 MP: 5/5
  2800 | D:3      | HP: 1/41 [gnoll/club (5)]
  2800 | D:3      | Slain by a hobgoblin

Vault maps used:
D:1:      lemuel_arrival_hallway, kennysheep_another_room, serial_bayou_pond_a
D:2:      lemuel_round_altar, first_bread, st_stairs_4, uniq_natasha
D:3:      minmay_goblin_kobold_castle, gammafunk_temple_overflow_pools,
          nicolae_ru_great_annihilating_truth

Skill      XL: |  1  2  3  4 |
---------------+-------------+-----
Dodging        | 3 4 |  4.1
Long Blades    | 3 |  3.5
Fighting       | 3 |  3.5
Throwing       | |  1.7

Action                   |  1- 3 |  4- 6 || total
-------------------------+-------+-------++-------
Melee: Long sword        |    75 |    90 ||   165
  Use: Potion            |       |     5 ||     5
       Scroll            |       |     2 ||     2
 Stab: Sleeping          |     1 |       ||     1
  Eat: Chunk             |       |     5 ||     5
Armor: Leather armour    |    20 |    12 ||    32
Dodge: Dodged            |    39 |    66 ||   105
